[Event "Early-Titled-Tuesday-Blitz-June-18-2024"]
[Site "Chess.com"]
[Date "2024.06.18"]
[Round "8"]
[White "wild3000"]
[Black "Navyblue1"]
[Result "0-1"]
[WhiteElo "2412"]
[BlackElo "2176"]
[TimeControl "180+1"]
[EndTime "9:30:52 PDT"]
[Termination "Navyblue1 won by checkmate"]

1. d4 Nf6 2. e3 c5 3. Nf3 cxd4 4.
exd4 d5 5. Be2 g6 6. O-O Bg7 7. c3 O-O 8. Nbd2 Nc6 9. Re1 Bg4 10. h3 Bxf3 11. Bxf3 e6 12. b3 Rc8 13. Bb2 Nd7 14.
g3 a6 15. h4 h5 16. a4 b5 17.
axb5 axb5 18. Ba3 Re8 19. Bd6 Nf6 20. Bc5 Nd7 21. b4 Nxc5 22. bxc5 b4 23. cxb4 Nxb4 24.
Nb3 Nc6 25. Qd3 Rb8 26. Rab1 Qc7 27. Kg2 Rb4 28. Red1 Nxd4 29. Nxd4 Rxd4 30. Qb5 Rc8 31. Rxd4 Bxd4 32. c6 Qxc6 33. Qd3 Bg7 34. Rf1 Qc4 35. Qd1 Bf6 36. Be2 Qc2 37. Bd3 Qxd1 38. Rxd1 Rc7 39.
Kf3 Kg7 40. Ke2 e5 41. Bb1 d4 42. Be4 Be7 43. f3 f5 44. Bd3 Bf6 45. g4 fxg4 46. fxg4 hxg4 47. Rg1 Bxh4 48. Rxg4 g5 49. Kf3 Kf6 50. Ke4 Rc1 51. Rg2 Re1+ 52. Kd5 Re3 53. Kc4 Rf3 54. Be4 Rf4 55. Kd5 g4 56. Rc2 g3 57. Rc6+ Kg5 58. Kxe5 Rxe4+ 59. Kxe4 g2 60. Rc8 Kg4 61. Rc1 Bf2 62. Rc8 g1=Q 63. Rg8+ Kh3 64.
Rh8+ Kg2 65. Rg8+ Kf1 66. Rxg1+ Bxg1 67. Kd3 Ke1 68. Kc2 Ke2 69. Kc1 d3 70. Kb1 d2 71.
Kc2 d1=Q+ 72. Kb2 Bd4+ 73. Ka2 Qc2+ 74. Ka3 Bc5# 0-1

[Event "Early-Titled-Tuesday-Blitz-June-18-2024"]
[Site "Chess.com"]
[Date "2024.06.18"]
[Round "8"]
[White "Polish_fighter3000"]
[Black "vladislavkovalev"]
[Result "1/2-1/2"]
[WhiteElo "3068"]
[BlackElo "2865"]
[TimeControl "180+1"]
[EndTime "9:30:54 PDT"]
[Termination "Game drawn by repetition"]

1. c4 g6 2. d4 Bg7 3. e4 d6 4. Nc3 e5 5. d5 a5 6. h4 h5 7. g3 Na6 8. Bh3 Bh6 9. Kf1 Nc5 10.
Kg2 Kf8 11. b3 Bxc1 12. Rxc1 Kg7 13. Bxc8 Qxc8 14. Nh3 Nh6 15. a3 f5 16. b4 axb4 17. axb4 Nxe4 18. Nxe4 fxe4 19. Ng5 Qf5 20. Qe2 Ng4 21.
c5 Rhf8 22. Rhf1 Qf3+ 23. Nxf3 exf3+ 24. Qxf3 Rxf3 25. Kxf3 Nh2+ 26. Kg2 Nxf1 27. cxd6 cxd6 28. Kxf1 Kf6 29. Rc7 e4 30. Rxb7 Ra1+ 31. Ke2 Ke5 32. Rg7 Ra2+ 33. Ke3 Ra3+ 34. Ke2 Ra2+ 35. Kf1 Kf6 36.
Rd7 Ke5 37. Re7+ Kxd5 38. Rg7 Ra1+ 39. Kg2 Ra2 40. Kf1 Ra1+ 41. Ke2 Ra2+ 42. Ke3 Ra3+ 43.
Kd2 Ra2+ 44. Ke1 Ra1+ 45. Ke2 Ra2+ 46. Kf1 1/2-1/2

[Event "Early-Titled-Tuesday-Blitz-June-18-2024"]
[Site "Chess.com"]
[Date "2024.06.18"]
[Round "8"]
[White "cthulhuuu"]
[Black "Oleg_Papayan"]
[Result "1-0"]
[WhiteElo "2387"]
[BlackElo "2555"]
[TimeControl "180+1"]
[EndTime "9:30:54 PDT"]
[Termination "cthulhuuu won on time"]

1. e4 d5 2. exd5 Qxd5 3. d3 Nf6 4. Nf3 c6 5. Nc3 Qd8 6. g3 Bf5 7. Bg2 e6 8. O-O Nbd7 9. Re1 Be7 10. Rb1 a5 11. a3 a4 12. Ne5 O-O 13. Bf4 Nd5 14.
Nxd5 cxd5 15. g4 Bg6 16. Nxg6 hxg6 17. c4 g5 18. Be3 Nf6 19. Bxg5 Qd7 20. h3 Rfc8 21.
Rc1 b5 22. Qf3 dxc4 23. dxc4 bxc4 24. Qb7 Qe8 25. Rxc4 Rxc4 26. Qxa8 Qxa8 27. Bxa8 Rc2 28. Bc1 Bc5 29. Rf1 Nd5 30. Bxd5 exd5 31. Kg2 f6 32. Kf3 Kf7 33. Be3 d4 34. Bc1 d3 35.
Rd1 Rxf2+ 36. Ke4 Re2+ 37. Kxd3 Rh2 38. Kc4 Be7 39. Rd3 Ke6 40. Bd2 Bd6 41. Bc3 Re2 42.
Kb5 Be5 43. Kxa4 1-0

[Event "Early-Titled-Tuesday-Blitz-June-18-2024"]
[Site "Chess.com"]
[Date "2024.06.18"]
[Round "8"]
[White "chezzgirl04"]
[Black "MaxLeto"]
[Result "1-0"]
[WhiteElo "2268"]
[BlackElo "2446"]
[TimeControl "180+1"]
[EndTime "9:30:54 PDT"]
[Termination "chezzgirl04 won on time"]

1. e4 c5 2. Nf3 d6 3. d4 cxd4 4. Nxd4 Nf6 5. Nc3 a6 6. Bc4 e6 7. Bb3 Nbd7 8. O-O Nc5 9. f4 Qc7 10. f5 e5 11. Nf3 Ncxe4 12. Nxe4 Nxe4 13. Qe2 Nc5 14. Bd5 Bd7 15. Ng5 Be7 16. Bxf7+ Kd8 17. Ne6+ Nxe6 18. fxe6 Bb5 19. Qf2 Bxf1 20. Be3 Kc8 21.
Bb6 Qc6 22. Rxf1 d5 23. a4 a5 24. Be3 Kb8 25. Qg3 Bf6 26. Rxf6 gxf6 27. Qg7 Rc8 28. Qxf6 Qd6 29. c3 Ra6 30. Qf5 Ka8 31.
Bf2 Rac6 32. Bh4 d4 33. e7 dxc3 34. bxc3 Qd1+ 35. Qf1 Qxf1+ 36. Kxf1 Rxc3 37. Be6 R3c4 38. Bxc4 Re8 39. Bb5 Rg8 40. e8=Q+ Rxe8 41. Bxe8 1-0

[Event "Early-Titled-Tuesday-Blitz-June-18-2024"]
[Site "Chess.com"]
[Date "2024.06.18"]
[Round "8"]
[White "NailBashirli"]
[Black "Keeper0416"]
[Result "1-0"]
[WhiteElo "2754"]
[BlackElo "2565"]
[TimeControl "180+1"]
[EndTime "9:30:55 PDT"]
[Termination "NailBashirli won by resignation"]

1. e4 e5 2. Nf3 Nc6 3. Nc3 Nf6 4. Bb5 Bc5 5. O-O Qe7 6. Nd5 Nxd5 7. exd5 Nd4 8.
Nxd4 Bxd4 9. c3 Bb6 10. d4 O-O 11. Re1 f6 12. a4 a6 13. Bd3 d6 14. Be3 e4 15. Bd2 f5 16. f3 c5 17. dxc6 d5 18.
cxb7 Qxb7 19. Bc2 Be6 20. Bf4 Bc7 21. Bxc7 Qxc7 22. Qd2 Rab8 23. b4 Rfc8 24. Ra2 f4 25. fxe4 dxe4 26. d5 e3 27. Qd3 Bf7 28. Qxh7+ Kf8 29.
Qh8+ Bg8 30. Bh7 Qf7 31. Bxg8 Qxg8 32. Qh4 g5 33. Qg4 Rxc3 34. h4 Rbc8 35. hxg5 Qxd5 36. Qxf4+ Kg8 37. Rae2 Re8 38. g6 Qe6 39. Qh6 Qe7 40.
Rf1 Qg7 41. Qh5 Re5 42. Qh2 Re8 43. Qd6 Rcc8 44. g3 Qe5 45. Rf8+ Kg7 46. Qxe5+ Rxe5 47. Rxc8 Kxg6 48. Rc3 Kf5 49. Rcxe3 Rd5 50. Rf2+ Kg5 51. Kg2 Rd3 52. Rxd3 1-0

[Event "Early-Titled-Tuesday-Blitz-June-18-2024"]
[Site "Chess.com"]
[Date "2024.06.18"]
[Round "8"]
[White "Ginger_GM"]
[Black "Giantgoogachess"]
[Result "0-1"]
[WhiteElo "2618"]
[BlackElo "2470"]
[TimeControl "180+1"]
[EndTime "9:30:56 PDT"]
[Termination "Giantgoogachess won by checkmate"]

1. f4 d5 2. Nf3 Nf6 3. e3 Bf5 4. Nc3 e6 5. d3 Be7 6. Qe2 h6 7. Bd2 c6 8. e4 Bh7 9. g3 O-O 10. Bg2 a5 11. O-O a4 12. Kh1 b5 13. e5 Nfd7 14. Nd1 c5 15. Nf2 Nc6 16. g4 c4 17. Bh3 Qc7 18. Rae1 Rae8 19. f5 exf5 20. gxf5 Ndxe5 21. Nxe5 Bd6 22. d4 f6 23. Nfg4 Nxd4 24. Qg2 Bxe5 25. Qxd5+ Kh8 26. Nxe5 fxe5 27. f6 Rxf6 28.
Rxf6 gxf6 29. Bxh6 Rd8 30. Qg2 Bxc2 31. Rg1 Qc6 32. Bg7+ Kh7 33. Qxc6 Nxc6 34. Rg3 Be4+ 35. Kg1 Rd1+ 36. Kf2 f5 37. Bf6 Rd2+ 38. Ke1 Rxh2 39.
Bf1 Nd4 40. Kd1 Bf3+ 41. Kc1 Rc2+ 42. Kb1 Rf2 43. Bh3 Be4+ 44. Kc1 Rc2+ 45. Kd1 Rh2 46.
Rg7+ Kh6 47. Ke1 Nf3+ 48. Kf1 Rxh3 49. Rg8 Kh5 50. Kf2 Rh2+ 51. Kg3 f4# 0-1

[Event "Early-Titled-Tuesday-Blitz-June-18-2024"]
[Site "Chess.com"]
[Date "2024.06.18"]
[Round "8"]
[White "Iball95"]
[Black "Alexchess1984"]
[Result "1-0"]
[WhiteElo "2824"]
[BlackElo "2555"]
[TimeControl "180+1"]
[EndTime "9:30:58 PDT"]
[Termination "Iball95 won by resignation"]

1. e4 e6 2. d4 d5 3. Nc3 Bb4 4. exd5 exd5 5. Bd3 Ne7 6. Nf3 O-O 7. O-O Bf5 8. Bxf5 Nxf5 9. Qd3 Ne7 10. Ng5 Ng6 11.
f4 h6 12. f5 Nh8 13. Nh3 f6 14. Nf4 Bxc3 15. Ne6 Qd6 16. Nxf8 Bxd4+ 17. Qxd4 Nc6 18. Qf4 Qxf4 19. Bxf4 Rxf8 20. Bxc7 Rc8 21. Bg3 Nd4 22. c3 Nc2 23. Rac1 Ne3 24. Rf3 Nc4 25. b3 Nd2 26. Rd3 Ne4 27. Be1 Nf7 28. Rxd5 Ne5 29. c4 b5 30. c5 Rc6 31. b4 Kh7 32. Bg3 Ng4 33. Re1 Nc3 34. Rd7 h5 35. Ree7 Kh6 36.
Rxg7 Ne2+ 37. Kf1 Nxg3+ 38. hxg3 Ne3+ 39. Kf2 Nxf5 40. Rh7+ Kg6 41. Rh8 Ra6 42. Rd2 Ra3 43. Rg8+ Kh6 44. Rgd8 Ne3 45. R8d3 Ng4+ 46. Ke2 Ra4 47.
a3 a5 48. Rb2 axb4 49. axb4 Ra1 50. Rc3 Rg1 51. Kf3 Rf1+ 52. Ke4 Re1+ 53. Kd5 Ne3+ 54. Kc6 Nc4 55. Rxc4 bxc4 56. Rc2 Re4 57. b5 c3 58. b6 Re2 59. Rxe2 c2 60. Rxc2 1-0

[Event "Early-Titled-Tuesday-Blitz-June-18-2024"]
[Site "Chess.com"]
[Date "2024.06.18"]
[Round "8"]
[White "KevinGeorgeMicheal"]
[Black "Hirna2005"]
[Result "1-0"]
[WhiteElo "2474"]
[BlackElo "2288"]
[TimeControl "180+1"]
[EndTime "9:30:59 PDT"]
[Termination "KevinGeorgeMicheal won on time"]

1. e4 g6 2. d4 Bg7 3. Nf3 d6 4. Bc4 Nf6 5. Qe2 O-O 6. e5 dxe5 7. dxe5 Nd5 8. O-O c6 9. Rd1 Be6 10. Ng5 Qc8 11. h3 Nc7 12. Nxe6 Nxe6 13. Nc3 b5 14. Bb3 Na6 15. f4 Nac5 16. Be3 Nxb3 17. axb3 Qc7 18. Ra6 Bh6 19. g3 Qc8 20. Rda1 b4 21. Ne4 c5 22. Rxa7 Rxa7 23. Rxa7 Nd4 24. Bxd4 cxd4 25. Rxe7 Qxh3 26. Qg2 Qc8 27. Nd6 Qc5 28.
Kh1 d3 29. cxd3 Qe3 30. Kh2 Qxd3 31. Kh3 Bxf4 32. Qf2 Bxe5 33. Nxf7 Bg7 34. Kg2 Qd5+ 35. Kh2 Rxf7 36. Re8+ Rf8 37. Rxf8+ Bxf8 38. Qe3 Bd6 39.
Qe8+ Kg7 40. Qd7+ Kh6 41. Qe8 Qh5+ 42. Kg2 Qd5+ 43. Kh2 Qd3 44. Qe6 1-0

[Event "Early-Titled-Tuesday-Blitz-June-18-2024"]
[Site "Chess.com"]
[Date "2024.06.18"]
[Round "8"]
[White "Milop27"]
[Black "jaskol95"]
[Result "0-1"]
[WhiteElo "2444"]
[BlackElo "2616"]
[TimeControl "180+1"]
[EndTime "9:31:00 PDT"]
[Termination "jaskol95 won on time"]

1. e4 d5 2. exd5 Nf6 3. d4 Bg4 4.
Nf3 Qxd5 5. Be2 e6 6. Be3 Bd6 7.
Nbd2 Nc6 8. c4 Qh5 9. c5 Be7 10.
Qa4 O-O 11. O-O Nd5 12. Ne4 Qg6 13. Ng3 Nxe3 14. fxe3 Rad8 15. b4 a6 16. Qb3 Bf6 17. a4 e5 18. d5 e4 19. dxc6 Bxa1 20. Rxa1 exf3 21. gxf3 Be6 22. Qb2 bxc6 23. Bxa6 Qh6 24. Re1 Rd5 25. Bc4 Rg5 26. Bxe6 fxe6 27. f4 Rd5 28.
Qg2 Rfd8 29. Ne4 Rd1 30. Qe2 Rxe1+ 31. Qxe1 Qh5 32. Nf2 Qf3 33. Qc3 h5 34. Qe5 h4 35.
Qxe6+ Kh8 36. Qe7 Rd2 37. Qxh4+ Kg8 38. Qg3 Qe2 39. f5 Ra2 40. f6 Ra1+ 41. Kg2 Kf7 42. Qxg7+ Ke6 43. Qe7+ Kf5 44. Qe4+ Kg5 45. Qf4+ Kg6 46.
Qg4+ Qxg4+ 47. Nxg4 Rxa4 0-1

[Event "Early-Titled-Tuesday-Blitz-June-18-2024"]
[Site "Chess.com"]
[Date "2024.06.18"]
[Round "8"]
[White "aeiiuu"]
[Black "HansOnTwitch"]
[Result "1-0"]
[WhiteElo "2638"]
[BlackElo "3130"]
[TimeControl "180+1"]
[EndTime "9:31:02 PDT"]
[Termination "aeiiuu won on time"]

1. e4 c6 2. d4 d5 3. e5 Bf5 4. h4 a6 5. Bd3 Bxd3 6. Qxd3 e6 7.
h5 c5 8. c3 Nc6 9. Nf3 h6 10. O-O Qb6 11. Nbd2 cxd4 12. cxd4 Qb5 13. Qe3 Nb4 14. Ne1 Ne7 15. a3 Nf5 16. Qf4 Nc6 17. Ndf3 Be7 18. Nc2 Qd3 19. Qd2 Qe4 20. Re1 Qg4 21. Qf4 Qxh5 22. Ne3 g5 23. Nxf5 Qg6 24. Nxe7 Kxe7 25. Qg3 Rag8 26. Be3 Kd7 27. Rac1 Ne7 28. Nh2 h5 29. Qf3 g4 30. Qe2 h4 31.
Qc2 Nc6 32. Qxg6 Rxg6 33. g3 hxg3 34. fxg3 Ne7 35. Rcd1 Nf5 36. Bf4 Rc8 37. Re2 Rc4 38.
Red2 Rg8 39. Nf1 Ne7 40. Ne3 Ra4 41. Rc2 Nc6 42. Rcd2 Na7 43. Nc2 Rc4 44. Kf2 Nb5 45.
Ne3 Ra4 46. Rd3 Rg6 47. R1d2 Rg8 48. Nc2 Rc4 49. b3 Rc6 50. Ne3 Nc3 51. Rc2 Ne4+ 52. Kg2 a5 53. Rd1 Rxc2+ 54. Nxc2 Rc8 55. Ne3 Rc3 56.
Rb1 b5 57. Nxg4 Ke7 58. Nf2 1-0

[Event "Early-Titled-Tuesday-Blitz-June-18-2024"]
[Site "Chess.com"]
[Date "2024.06.18"]
[Round "8"]
[White "Individoom"]
[Black "djano"]
[Result "1-0"]
[WhiteElo "2794"]
[BlackElo "2653"]
[TimeControl "180+1"]
[EndTime "9:31:03 PDT"]
[Termination "Individoom won by checkmate"]

1. d4 Nf6 2. Nf3 d6 3. g3 g6 4. Bg2 Bg7 5. O-O O-O 6. c3 b6 7.
Re1 Bb7 8. Nbd2 Nfd7 9. e4 e5 10. a4 Nc6 11. d5 Ne7 12. a5 bxa5 13. Nc4 a4 14. Qxa4 Nb6 15. Qb3 c6 16. Na5 Rb8 17.
Nxb7 Rxb7 18. dxc6 Nxc6 19. Be3 Qc7 20. Qa2 Rfb8 21.
b4 Nd8 22. Rac1 Nc4 23. Rc2 Ne6 24. Bc1 h6 25. Bf1 Nb6 26. Ba6 f5 27. Bxb7 Rxb7 28.
Nh4 Qf7 29. Rd1 Nc8 30. Qd5 Rd7 31. Qa8 Rd8 32. exf5 gxf5 33. Rcd2 Kh7 34. Qd5 Nb6 35. Qf3 Ng5 36. Qxf5+ Qxf5 37. Nxf5 Nf3+ 38. Kg2 Nxd2 39. Rxd2 Nc4 40. Rd5 Bf8 41. Be3 a6 42. Rd1 Kg6 43. g4 h5 44. h3 hxg4 45. hxg4 d5 46.
Bc5 Bxc5 47. bxc5 Kg5 48. Kg3 a5 49. Rh1 a4 50. Rh5+ Kg6 51. Rh6+ Kf7 52. Ra6 a3 53. g5 Re8 54. g6+ Kg8 55. Ra7 Kh8 56. Nh6 Rg8 57. Rh7# 1-0

[Event "Early-Titled-Tuesday-Blitz-June-18-2024"]
[Site "Chess.com"]
[Date "2024.06.18"]
[Round "8"]
[White "Timurist"]
[Black "Arteler"]
[Result "1-0"]
[WhiteElo "2375"]
[BlackElo "2206"]
[TimeControl "180+1"]
[EndTime "9:31:04 PDT"]
[Termination "Timurist won by checkmate"]

1. e4 e6 2. d4 d5 3. e5 c5 4.
c3 Nc6 5. Nf3 Qb6 6. a3 cxd4 7. cxd4 Nh6 8. b4 Nf5 9. Bb2 Be7 10. Qd3 O-O 11. Nbd2 Bd7 12. Nb3 Rac8 13. Rc1 f6 14. Be2 fxe5 15. dxe5 Nb8 16. O-O Ba4 17.
Nbd4 Bd7 18. Qd2 Nc6 19. Bd3 Ncxd4 20. Nxd4 g6 21. Bxf5 gxf5 22. Qh6 Kh8 23. Nf3 Rg8 24.
Bd4 Qa6 25. Bb2 Bb5 26. Rfe1 Bc4 27. Nd4 Rg6 28. Qh3 Rcg8 29. g3 Qb6 30. Nf3 f4 31. Bd4 Qd8 32. Rc3 fxg3 33. fxg3 Qf8 34. Qg2 a6 35. Be3 Qg7 36. Bf4 Bd8 37. Kh1 b5 38.
Nh4 Rg4 39. Qf2 Bxh4 40. gxh4 d4 41. Qxd4 Bd5+ 42. Re4 Rxf4 43. Rg3 Bxe4+ 44. Kg1 Qxg3+ 45. hxg3 Rxg3+ 46. Kh2 Rg2+ 47. Kh3 Rf3+ 48. Kxg2 Rd3+ 49. Qxe4 Rd2+ 50. Kf3 Ra2 51. Qd3 Rh2 52. Qd8+ Kg7 53. Qf6+ Kg8 54. Qxe6+ Kg7 55. Qf6+ Kg8 56. e6 Rh3+ 57.
Kf4 Rh1 58. Qf7+ Kh8 59. Qf8# 1-0

[Event "Early-Titled-Tuesday-Blitz-June-18-2024"]
[Site "Chess.com"]
[Date "2024.06.18"]
[Round "8"]
[White "Erdnya15"]
[Black "lamomiajunior"]
[Result "1-0"]
[WhiteElo "2543"]
[BlackElo "2723"]
[TimeControl "180+1"]
[EndTime "9:31:05 PDT"]
[Termination "Erdnya15 won by resignation"]

1. e4 e5 2. Nf3 Nc6 3. Bc4 Nf6 4.
d3 h6 5. O-O d6 6. Re1 g5 7. c3 Bg7 8. d4 O-O 9. dxe5 Nxe5 10.
Nxe5 dxe5 11. Qxd8 Rxd8 12. Nd2 c6 13. Nf1 b5 14. Bb3 c5 15. a4 Bb7 16. Ng3 c4 17. Bc2 a6 18. Be3 Bf8 19. f3 Nd7 20. Nf5 Kh7 21.
Red1 Nc5 22. Rxd8 Rxd8 23. axb5 axb5 24. Ra7 Kg6 25. Kf1 Rd7 26. Ra5 Bc6 27. h4 f6 28.
hxg5 hxg5 29. Ke2 g4 30. Ra1 Nd3 31. b3 Nf4+ 32. Bxf4 exf4 33. bxc4 bxc4 34. Ra6 Bb7 35. Rb6 Bc5 36. Rb5 gxf3+ 37. gxf3 Ba7 38. e5 Kg5 39. e6 Rc7 40. Nd6+ Bc5 41. Nxb7 f5 42. Nxc5 Re7 43. Ne4+ Kg6 44. Nc5 Kf6 45. Rb7 Re8 46. Rf7+ Ke5 47. Rxf5+ Kd6 48. Be4 Rb8 49. Rd5+ Ke7 50.
Rd7+ Kf6 51. Rf7+ Ke5 52. Nd7+ Kxe6 53. Nxb8 Kxf7 54. Nc6 Ke6 55. Na5 Ke5 56. Nxc4+ 1-0

[Event "Early-Titled-Tuesday-Blitz-June-18-2024"]
[Site "Chess.com"]
[Date "2024.06.18"]
[Round "8"]
[White "JunjiCol"]
[Black "GlavkonVVS"]
[Result "0-1"]
[WhiteElo "2361"]
[BlackElo "2531"]
[TimeControl "180+1"]
[EndTime "9:31:06 PDT"]
[Termination "GlavkonVVS won by resignation"]

1. e4 c5 2. Nf3 d6 3. d4 cxd4 4.
Nxd4 Nf6 5. Nc3 a6 6. h3 e5 7. Nf3 Be6 8. g4 h5 9. g5 Nfd7 10. Nd5 Nb6 11. c4 N8d7 12. Be3 Rc8 13. Qb3 Bxd5 14. cxd5 Nc5 15. Bxc5 Rxc5 16. h4 Be7 17. Be2 Qc7 18. O-O O-O 19. Qe3 Rc8 20. Nd2 g6 21. Nb3 Rc2 22. Rac1 Bd8 23. Bd3 Rxc1 24. Rxc1 Qd7 25.
Be2 Rxc1+ 26. Nxc1 Na4 27. b4 Bb6 28. Qb3 Bd4 29. Kg2 Nc3 30. Bf3 Nxe4 31. Ne2 Nd2 32. Qd3 Nxf3 33. Qxf3 Bb6 34. Ng3 Bd8 35. Ne4 Be7 36.
a3 Kg7 37. Kh2 Qf5 38. Qxf5 gxf5 39. Nd2 f6 40. gxf6+ Kxf6 41. Nc4 Kg6 42. Kh3 e4 43. Na5 b5 44. Nc6 Bf6 45. Nb8 Bb2 46. Nxa6 Bxa3 47. Nc7 Bxb4 48. Nxb5 f4 49. Nd4 Kf6 50. Kg2 Bc5 51. Nc6 Kf5 52. Nb8 Kg4 53. Nd7 Bd4 54.
Nf8 f3+ 55. Kf1 Kxh4 56. Ne6 Be5 57. Nf8 Kg4 58. Nd7 Bd4 59. Nb8 h4 60. Nc6 Bc5 61. Kg1 h3 62. Ne7 h2+ 63. Kxh2 Bxf2 64. Ng8 Bg3+ 65.
Kg1 Be5 66. Nh6+ Kf4 67. Nf7 e3 68. Kf1 e2+ 69. Kf2 Bd4+ 0-1

[Event "Early-Titled-Tuesday-Blitz-June-18-2024"]
[Site "Chess.com"]
[Date "2024.06.18"]
[Round "8"]
[White "DmitryMaximov"]
[Black "DenLaz"]
[Result "0-1"]
[WhiteElo "2780"]
[BlackElo "3081"]
[TimeControl "180+1"]
[EndTime "9:31:09 PDT"]
[Termination "DenLaz won by checkmate"]

1. e4 c5 2. Nf3 e6 3. c3 d5 4. e5 d4 5. g3 Nc6 6. Bg2 d3 7. O-O Rb8 8. Re1 Nge7 9. a4 a6 10.
b4 cxb4 11. cxb4 Nxb4 12. Na3 Nec6 13. Bb2 Be7 14. Re4 O-O 15. Rc1 b5 16. axb5 axb5 17. h4 h6 18. h5 Bd7 19. Rg4 Nd5 20. Qb3 Na5 21. Qxd3 b4 22. Nb1 Kh8 23. Nd4 Nb6 24. Qe2 Rg8 25. d3 Na4 26. Re1 Nxb2 27. Qxb2 b3 28.
Nd2 Bb4 29. Ra1 Qc7 30. Ne4 Qxe5 31. f4 Qc7 32. Rc1 Qa7 33. Kh2 e5 34. Nf3 Bxg4 35. Nxe5 Bf5 36. g4 Bxe4 37. Bxe4 Bd6 38. Ra1 Bxe5 39.
Qxe5 b2 40. Qf5 g6 41. Qf6+ Rg7 42. Rb1 Qb6 43. Qe5 Nc6 44. Bxc6 gxh5 45. g5 hxg5 46.
Bg2 gxf4 47. d4 Rg8 48. Be4 Qh6 49. Rxb2 f3 50. Rb6 Qg5 51. Qxg5 Rxg5 52. Bxf3 Rf5 53.
Be4 Rf4 54. Bd3 Rh4# 0-1

[Event "Early-Titled-Tuesday-Blitz-June-18-2024"]
[Site "Chess.com"]
[Date "2024.06.18"]
[Round "8"]
[White "ChessLover0108"]
[Black "Rud_Makarian"]
[Result "1-0"]
[WhiteElo "2933"]
[BlackElo "3059"]
[TimeControl "180+1"]
[EndTime "9:31:10 PDT"]
[Termination "ChessLover0108 won on time"]

1. Nf3 Nf6 2. c4 e6 3. Nc3 d5 4. d4 dxc4 5. e4 b5 6. e5 Nd5 7.
Nxb5 Nb6 8. Be2 Nc6 9. Be3 Bb7 10. a3 Ne7 11. Rc1 Qd7 12. Nc3 Nf5 13. O-O Be7 14.
Nd2 Nxd4 15. Bxd4 Qxd4 16. Nxc4 Qxd1 17. Rfxd1 Nxc4 18. Bxc4 a6 19. Bb3 O-O 20. Rd7 Bg5 21. Rcd1 Rac8 22. g3 Rb8 23. f4 Bc8 24. R7d2 Be7 25.
Bc2 g6 26. Be4 Kg7 27. Na4 a5 28. Bc6 Ba6 29. Rd7 Rfd8 30. Kf2 Kf8 31. Ke1 Bc4 32. Nc5 Rbc8 33. Bb7 Rb8 34. Bc6 Rbc8 35. b3 Rxd7 36. Nxd7+ Kg7 37. bxc4 Bxa3 38. Ke2 Bb4 39. Rb1 Rd8 40. Kd3 h6 41. Kc2 g5 42. Rd1 Rg8 43. Nf6 Rb8 44. Rd7 Bc5 45. Rxc7 gxf4 46. gxf4 Be3 47.
Bd7 Bxf4 48. Nh5+ 1-0

[Event "Early-Titled-Tuesday-Blitz-June-18-2024"]
[Site "Chess.com"]
[Date "2024.06.18"]
[Round "8"]
[White "stasOR4ik"]
[Black "Ordekalog"]
[Result "0-1"]
[WhiteElo "2458"]
[BlackElo "2626"]
[TimeControl "180+1"]
[EndTime "9:31:10 PDT"]
[Termination "Ordekalog won by resignation"]

1. e4 c5 2. c3 d5 3. exd5 Nf6 4. Nf3 Nxd5 5. d4 cxd4 6. cxd4 Nc6 7. Nc3 e6 8. Bd3 Be7 9. O-O O-O 10. Ne4 Bd7 11.
Re1 Rc8 12. Nfg5 f5 13. Qh5 h6 14. Nc5 Bxc5 15. Nxe6 Bxe6 16. Rxe6 Nf6 17. Qxf5 Nxd4 18. Qh3 Nxe6 19. Qxe6+ Kh8 20. Qf5 Bxf2+ 21. Kh1 Rc5 22. Qf3 Qd5 23. Qxf2 Rxc1+ 24. Rxc1 Qxd3 25. Qxa7 Ng4 26. h3 Nf2+ 27. Kh2 Qd6+ 28. Kg1 Nd3 29. Rf1 Rxf1+ 30.
Kxf1 Qf4+ 31. Ke2 Qe4+ 32. Kd2 Kh7 33. Qa3 Ne5 34. Qg3 Nc4+ 35. Kc3 Ne3 36. b4 Nd5+ 37.
Kb3 Qxb4+ 38. Kc2 Qc4+ 39. Kb2 Qb5+ 40. Kc2 Nf6 41. Qf4 Qc6+ 42. Kd3 Qd5+ 43. Kc3 Qc5+ 44. Kb3 Qc8 45. a4 Qe6+ 46. Kb4 Nd5+ 47. Kc5 Qc6+ 48.
Kd4 Nf6 49. Qf5+ g6 50. a5 gxf5 51. Ke5 Qd5+ 52. Kxf6 Qxa5 53. g3 f4 54. g4 Qg5+ 55. Ke6 f3 56. Kd6 Qh4 57. Kc7 0-1

[Event "Early-Titled-Tuesday-Blitz-June-18-2024"]
[Site "Chess.com"]
[Date "2024.06.18"]
[Round "8"]
[White "maracayo"]
[Black "KoshkaMatrioshka"]
[Result "0-1"]
[WhiteElo "2409"]
[BlackElo "2586"]
[TimeControl "180+1"]
[EndTime "9:31:10 PDT"]
[Termination "KoshkaMatrioshka won on time"]

1. e4 e6 2. d3 c5 3. Nf3 Nc6 4. Be2 g6 5. O-O Bg7 6. Re1 Nge7 7. c3 e5 8. Nbd2 O-O 9. Bf1 d6 10. h3 h6 11. a3 Be6 12. b4 b6 13. Bb2 Kh7 14. b5 Nb8 15. d4 f6 16.
Nc4 Qc7 17. dxe5 dxe5 18. Qd6 Qxd6 19. Nxd6 Nd7 20. Rad1 Rab8 21. Bc4 Bxc4 22. Nxc4 Rfd8 23. Rd6 Nf8 24. Red1 Rdc8 25. a4 Kg8 26. Ne3 Kf7 27.
Nd5 Nxd5 28. R1xd5 Rb7 29. h4 h5 30. c4 Re7 31. a5 bxa5 32. Ra6 Ne6 33. Rxa5 Bf8 34. g3 Rb7 35. Kg2 Ke8 36. Ra6 Kf7 37. Bxe5 fxe5 38.
Nxe5+ Kf6 39. Nxg6 Rb6 40. Nxf8 Rxf8 41. Rxa7 Kg6 42. e5 Nd4 43. Ra6 Rxa6 44. bxa6 Ne6 45. f4 Kf5 46. Rd7 Rb8 47. Rf7+ Ke4 48. Rf6 Rb2+ 49.
Kh3 Nd4 50. g4 Rb3+ 51. Kg2 hxg4 52. e6 Re3 53. h5 Nf5 54. e7 Nh4+ 55. Kf1 Kf3 0-1

[Event "Early-Titled-Tuesday-Blitz-June-18-2024"]
[Site "Chess.com"]
[Date "2024.06.18"]
[Round "8"]
[White "GeorgiosSouleidis"]
[Black "Rsnr"]
[Result "0-1"]
[WhiteElo "2706"]
[BlackElo "2906"]
[TimeControl "180+1"]
[EndTime "9:31:15 PDT"]
[Termination "Rsnr won on time"]

1. e4 c6 2. Nc3 d5 3. Nf3 Bg4 4.
h3 Bh5 5. exd5 cxd5 6. g4 Bg6 7.
Ne5 Nc6 8. d4 e6 9. h4 f6 10.
Nxc6 bxc6 11. h5 Bf7 12. Bf4 Bd6 13. Qd2 e5 14. Be3 Qd7 15. Be2 Be6 16. Rg1 Ne7 17. O-O-O O-O 18. g5 Nf5 19. gxf6 Rxf6 20. dxe5 Bxe5 21.
Na4 Nxe3 22. fxe3 Qd6 23. Rg2 Raf8 24. Rdg1 Rf2 25. Qe1 Rxg2 26. Rxg2 h6 27. Kb1 Rb8 28. b3 Qa3 29. Nc3 Bf5 30. Bd3 Qb4 31. Bxf5 Bxc3 32. Be6+ Kh8 33. Qf1 Qa3 34. Qc1 Qe7 35. Bf5 Rf8 36.
Bd3 a5 37. a4 Qe5 38. Ka2 Qxh5 39. Qg1 Qf3 40. Rxg7 Bxg7 41. Qg6 Kg8 42. Qh7+ Kf7 43. Bg6+ Kf6 44. Bd3 Qg4 45. Ba6 Rh8 46. Qd3 Qe4 47.
Qf1+ Ke7 48. Bd3 Qe5 0-1

[Event "Early-Titled-Tuesday-Blitz-June-18-2024"]
[Site "Chess.com"]
[Date "2024.06.18"]
[Round "8"]
[White "Meri-Arabidze"]
[Black "chess_peak"]
[Result "0-1"]
[WhiteElo "2657"]
[BlackElo "2543"]
[TimeControl "180+1"]
[EndTime "9:31:16 PDT"]
[Termination "chess_peak won on time"]

1. Nf3 Nf6 2. c4 e6 3. g3 d5 4. Bg2 dxc4 5. Qa4+ Bd7 6. Qxc4 c5 7. Ne5 Qc8 8. O-O Nc6 9. Nxd7 Qxd7 10. Nc3 Be7 11. d3 Rc8 12. Bg5 O-O 13. Bxf6 gxf6 14. Qg4+ Kh8 15. Qh5 f5 16. Rad1 Nd4 17. e3 Nb5 18. e4 Nxc3 19. bxc3 fxe4 20. dxe4 Qc7 21. e5 f5 22. exf6 Bxf6 23. Rd3 Rcd8 24. Re3 Qg7 25.
Qxc5 Rc8 26. Qxa7 Bxc3 27. Qxb7 Bd4 28. Qxg7+ Kxg7 29. Re2 Rc3 30. Be4 e5 31. Kg2 Rf6 32. f3 Rb6 33. Bd5 Rb5 34. Bb3 Rb6 35. Rd1 Rd6 36.
Red2 Rf6 37. f4 Kh6 38. Re2 exf4 39. gxf4 Rxf4 40. Red2 Be5 41. Re2 Bf6 42. Kh1 Kg5 43. Rg1+ Kh6 44. Rge1 Rh3 45. Kg2 Rh5 46. h3 Rg5+ 47.
Kh2 Rh4 48. Rg2 Rxg2+ 49. Kxg2 Rf4 50. Re6 Kg5 51. Ra6 Rd4 52. Ra5+ Kg6 53. Ra6 Rd2+ 54. Kf3 Kg5 55. Ra5+ Kg6 56. Ke4 Rh2 57. Be6 Re2+ 0-1

[Event "Early-Titled-Tuesday-Blitz-June-18-2024"]
[Site "Chess.com"]
[Date "2024.06.18"]
[Round "8"]
[White "Rile-Man"]
[Black "crazy_but_lazy"]
[Result "1-0"]
[WhiteElo "2542"]
[BlackElo "2657"]
[TimeControl "180+1"]
[EndTime "9:31:16 PDT"]
[Termination "Rile-Man won by resignation"]

1. d4 g6 2. Bf4 Bg7 3. Nc3 c5 4. d5 d6 5. e4 Nf6 6. Be2 O-O 7.
Nf3 Na6 8. Nd2 Nc7 9. a4 a6 10. h4 h5 11. Nc4 Rb8 12. Nb6 Bg4 13. f3 Bd7 14. Qd2 Re8 15. Bh6 Bh8 16. g4 e6 17.
gxh5 Nxh5 18. Rg1 exd5 19. Nbxd5 Nxd5 20. Qxd5 Qxh4+ 21. Kd2 Be6 22. Qg5 Qxg5+ 23. Bxg5 Be5 24. Raf1 Bf4+ 25. Bxf4 Nxf4 26. Ke3 Nh3 27. Rg3 d5 28. Nxd5 Bxd5 29. Rxh3 Kg7 30. Rfh1 Be6 31. Rh7+ Kf6 32. f4 b5 33. axb5 axb5 34. Bf3 c4 35. R1h6 Ke7 36. Rxg6 Rh8 37. Rgh6 Rxh7 38. Rxh7 Ra8 39. f5 Bd7 40. e5 Ra2 41. e6 Be8 42. exf7 Bxf7 43. Bh5 Rxb2 44.
Rxf7+ Kd6 45. c3 Rc2 46. Kd4 Rd2+ 47. Ke4 Rd3 48. Rf6+ Kc5 49. Be8 Rxc3 50. Rc6+ Kb4 51.
f6 Rc1 52. f7 Rf1 53. Ke5 c3 54. Rf6 Rxf6 55. Kxf6 c2 56. f8=Q+ Kb3 57. Qc5 b4 58. Bg6 Ka3 59. Qxc2 b3 60. Qb1 b2 61. Bf7 Kb4 62. Qxb2+ Kc5 63. Qc3+ 1-0